 Dungeon Crawl Stone Soup version 0.19-a0-26-gae82a2b (webtiles) character file.

760 Kenran the Carver (level 8, 0/58 HPs)
             Began as a Formicid Fighter on May 1, 2016.
             Was an Initiate of Cheibriados.
             Killed from afar by an orc wizard (8 damage)
             ... with a magic dart
             ... on level 6 of the Dungeon.
             The game lasted 00:11:12 (5035 turns).

Kenran the Carver (Formicid Fighter)                Turns: 5035, Time: 00:11:13

Health: 0/58       AC: 11    Str: 26    XL:     8   Next: 7%
Magic:  8/8        EV:  4    Int:  9    God:    Cheibriados [......]
Gold:   263        SH:  9    Dex: 13    Spells: 0 memorised, 7 levels left

rFire  . . .     SeeInvis +     a - +0 long sword
rCold  + . .     Gourm    .     m - +0 plate armour
rNeg   . . .     Faith    .     c - +0 shield
rPois  .         Spirit   .     (helmet unavailable)
rElec  .         Dismiss  .     (no cloak)
rCorr  .         Reflect  .     (no gloves)
SustAt .         Harm     .     (no boots)
MR     .....                    (no amulet)
Stlth  ..........               j - ring of protection from cold
                                k - +4 ring of strength

@: drained, very slow, not resistant to hostile enchantments, extremely
unstealthy
A: permanent stasis, dig shafts and tunnels, four strong arms, antennae 3
a: Dig, Shaft Self, Bend Time, Renounce Religion


You were on level 6 of the Dungeon.
You worshipped Cheibriados.
Cheibriados was noncommittal.
You were not hungry.

You visited 2 branches of the dungeon, and saw 7 of its levels.

You collected 263 gold pieces.

Inventory:

Hand Weapons
 a - a +0 long sword (weapon)
Armour
 c - a +0 shield (worn)
 m - a +0 plate armour (worn)
Jewellery
 j - a ring of protection from cold (right hand)
 k - a +4 ring of strength (left hand)
Wands
 w - a wand of paralysis (15/24)
 x - a wand of slowing (34/48)
Scrolls
 b - a scroll of enchant weapon {unknown}
 e - a scroll of random uselessness {unknown}
 h - 4 scrolls of identify {unknown}
 i - a scroll of blinking {unknown}
 o - 2 scrolls of enchant armour {unknown}
 r - a scroll of noise {unknown}
 s - 2 scrolls of teleportation {unknown}
 u - 2 scrolls of recharging {unknown}
Potions
 d - a potion of might
 l - a potion of heal wounds {unknown}
 n - a potion of cure mutation {unknown}
 p - 2 potions of haste {unknown}
 q - a potion of flight {unknown}
 t - a potion of berserk rage {unknown}
 v - a potion of agility {unknown}
Comestibles
 f - 5 bread rations
 g - a meat ration


   Skills:
 - Level 3.2(2.3) Fighting
 + Level 8.6(7.5) Long Blades
 - Level 3.2(2.3) Armour
 - Level 3.6(2.6) Shields


You had 7 spell levels left.
You didn't know any spells.

Dungeon Overview and Level Annotations

Branches:
Dungeon (6/15)             Temple (1/1) D:5

Altars:
Ashenzari
Cheibriados
Dithmenos
Elyvilon
Fedhas
Gozag
Kikubaaqudgha
Makhleb
Nemelex Xobeh
Okawaru
Qazlal
Ru
Sif Muna
Trog
Vehumet
Xom
Yredelemnul
Zin
The Shining One


Innate Abilities, Weirdness & Mutations

You are under a permanent stasis effect.
You can dig through walls and to a lower floor.
Your four strong arms can wield two-handed weapons with a shield.
You have a pair of large antennae on your head (SInv).


Message History

The magic dart hits you!
* * * LOW HITPOINT WARNING * * *
There is a stone staircase leading up, spattered with blood here.
You are too injured to fight recklessly!
You block the orc warrior's attack.
The orc wizard gestures at you while chanting.
Your stasis keeps you stable.
You see here a mace.
The orc warrior hits you with a battleaxe!
* * * LOW HITPOINT WARNING * * *
The orc wizard mumbles some strange words.
The orc wizard blinks!
The orc wizard casts a spell at you. The magic dart hits you!
* * * LOW HITPOINT WARNING * * *
The orc wizard gestures wildly while chanting.
The orc wizard blinks!
The orc wizard gestures at you while chanting.
The magic dart hits you!
You die...

..{ ###.# . #.#
#.## # #..# #.
##.###### #..#
#......#
#....#####......#
........###.....#
..###..@......o.#
..#......o#.....#
(......##.#.{{..##
........#.o..o<..##
....%...########..#
........###o..o...#
.........#oo#######
........o..##
.........###


You could see an orc warrior, an orc wizard and an orc.

Vanquished Creatures
  3 centaurs
  4 wights (D:6)
  A hound (D:4)
  An orc priest (D:4)
  A centaur skeleton (D:5)
  2 worker ants
  4 gnolls
  6 adders
  A shadow imp (D:4)
  An ooze (D:6)
  2 adder skeletons (D:5)
  An adder zombie (D:5)
  3 worms
  4 dart slugs
  3 giant geckos
  12 orcs
  2 giant cockroaches (D:2)
  8 goblins
  15 hobgoblins
  5 jackals (D:1)
  A quokka (D:4)
  3 ball pythons
  7 bats
  2 giant newts
  6 kobolds
  A quokka skeleton (D:4)
  5 rats
104 creatures vanquished.

Notes
Turn   | Place    | Note
--------------------------------------------------------------
     0 | D:1      | Kenran the Formicid Fighter began the quest for the Orb.
     0 | D:1      | Reached XP level 1. HP: 18/18 MP: 1/1
   142 | D:1      | Reached XP level 2. HP: 24/24 MP: 2/2
   249 | D:1      | Reached skill level 3 in Long Blades
   356 | D:1      | Reached XP level 3. HP: 29/29 MP: 3/3
  1032 | D:1      | HP: 1/29 [poisoned by a gnoll]
  1062 | D:1      | HP: 1/29 [poisoned by a gnoll]
  1376 | D:1      | Reached skill level 4 in Long Blades
  1376 | D:1      | Reached XP level 4. HP: 13/35 MP: 4/4
  1955 | D:2      | Reached XP level 5. HP: 41/41 MP: 5/5
  2323 | D:2      | Found a burning altar of Makhleb.
  2326 | D:2      | Reached skill level 5 in Long Blades
  2798 | D:3      | Found a glowing silver altar of Zin.
  2798 | D:3      | Found an iron altar of Okawaru.
  3312 | D:4      | Reached XP level 6. HP: 37/47 MP: 6/6
  3493 | D:4      | Reached skill level 6 in Long Blades
  3993 | D:5      | Entered Level 5 of the Dungeon
  3993 | D:5      | Found a deep blue altar of Sif Muna.
  4023 | D:5      | Found a staircase to the Ecumenical Temple.
  4032 | Temple   | Entered the Ecumenical Temple
  4092 | D:5      | Reached XP level 7. HP: 39/52 MP: 7/7
  4266 | D:5      | Found a snail-covered altar of Cheibriados.
  4296 | D:5      | Reached skill level 7 in Long Blades
  4340 | D:5      | Became a worshipper of Cheibriados the Contemplative
  4414 | D:5      | Found a stormy altar of Qazlal.
  4553 | D:5      | Found a shimmering altar of Xom.
  4608 | D:5      | Found a glowing golden altar of the Shining One.
  4697 | D:6      | HP: 1/52 [wight/battleaxe (8)]
  4704 | D:6      | Reached skill level 8 in Long Blades
  4714 | D:6      | Reached XP level 8. HP: 30/58 MP: 8/8
  5035 | D:6      | Killed from afar by an orc wizard

Vault maps used:
D:1:      lightli_arrival_farm, corner_web_ring
D:2:      lightli_temple_of_fire
D:3:      nicolae_overflow_hidden_temple, okawaru_ov_weapons_minmay,
          minmay_box_of_dots
D:5:      lemuel_round_altar, lemuel_crystal_altar, overflow_temple_1_default,
          kennysheep_mini, minmay_temple_entry_large_hall, first_bread,
          nicolae_tso_swordbearing_angel
Temple:   temple_eino_lava_12

Skill      XL: |  1  2  3  4  5  6  7 |
---------------+----------------------+-----
Long Blades    | 3 4 5 6 8 |  8.6
Fighting       | |  3.2
Armour         | |  3.2
Shields        | |  3.6

Action                   |  1- 3 |  4- 6 |  7- 9 || total
-------------------------+-------+-------+-------++-------
Melee: Long sword        |    93 |   256 |    84 ||   433
  Use: Potion            |     1 |       |     3 ||     4
  Eat: Chunk             |     1 |     6 |     1 ||     8
       Beef jerky        |     1 |     1 |     1 ||     3
       Pizza             |       |     1 |       ||     1
Armor: Scale mail        |    34 |    22 |       ||    56
       Plate armour      |       |   109 |    29 ||   138
Dodge: Dodged            |    13 |    53 |    12 ||    78
Block: Shield            |    60 |   123 |    33 ||   216
